 Dungeon Crawl Stone Soup version 0.20.0-15-g7f486f2 (webtiles) character file.

712 daftwullie the Cudgeler (level 7, 0/70 HPs)
             Began as an Ogre Warper on June 14, 2017.
             Slain by a gnoll sergeant
             ... wielding a +0 spear of distortion
              (5 damage)
             ... on level 6 of the Dungeon on June 15, 2017.
             The game lasted 01:24:15 (9574 turns).

daftwullie the Cudgeler (Ogre Warper)               Turns: 9574, Time: 01:24:15

Health: 0/70       AC:  3    Str: 16    XL:     7   Next: 68%
Magic:  7/13       EV: 10    Int: 16    God:
Gold:   227        SH:  0    Dex:  8    Spells: 11/15 levels left

rFire    . . .     SeeInvis .   a - +0 mace
rCold    . . .     Gourm    .   (no shield)
rNeg     . . .     Faith    .   b - +0 robe
rPois    +         Spirit   .   (helmet restricted)
rElec    .         Reflect  .   (no cloak)
rCorr    .         Harm     .   (gloves unavailable)
MR       +....                  (boots unavailable)
Stlth    +.........             (no amulet)
Regen    0.3/turn               l - ring of poison resistance
MPRegen  0.2/turn               p - ring of protection from magic

@: no status effects
A: unfitting armour, tough skin 1
a: no special abilities


You were on level 6 of the Dungeon.
You were not hungry.

You visited 1 branch of the dungeon, and saw 6 of its levels.

You collected 227 gold pieces.

Inventory:

Hand Weapons
 a - a +0 mace (weapon)
Missiles
 m - 115 stones (quivered)
 u - 15 poisoned needles
 F - 3 tomahawks
Armour
 b - a +0 robe (worn)
Jewellery
 l - a ring of poison resistance (left hand)
 p - a ring of protection from magic (right hand)
 s - an uncursed amulet of rage
Wands
 z - a wand of confusion (27/48)
 C - a wand of random effects (11/48)
Scrolls
 g - a scroll of remove curse
 k - a scroll of teleportation {unknown}
 q - a scroll of fear {unknown}
 t - 2 scrolls of identify
 x - a scroll of noise {unknown}
 y - a scroll of amnesia {unknown}
Potions
 i - a potion of magic {unknown}
 j - a potion of might
 n - 2 potions of agility
 o - a potion of curing
 r - 2 potions of flight
 v - a potion of invisibility {unknown}
 w - a potion of berserk rage {unknown}
 A - a potion of brilliance {unknown}
 B - a potion of heal wounds {unknown}
 D - a potion of mutation {unknown}
 E - a potion of lignification {unknown}
Books
 c - a book of Spatial Translocations

   Spells                             Type                      Level
   a - Blink                          Translocation                2
   b - Shroud of Golubria             Charms/Translocation         2
   c - Lesser Beckoning               Translocation                3
   d - Gell's Gravitas                Translocation                3
   e - Teleport Other                 Translocation                3
   f - Passage of Golubria            Translocation                4
Comestibles
 d - 5 chunks of flesh
 f - 2 bread rations
 h - 2 meat rations


   Skills:
 + Level 4.2 Fighting
 * Level 5.0 Maces & Flails
 * Level 3.7 Throwing
 - Level 2.1 Dodging
 * Level 4.6 Spellcasting
 + Level 1.0 Charms
 + Level 3.2 Translocations


You had 11 spell levels left.
You knew the following spells:

 Your Spells              Type           Power        Failure   Level  Hunger
a - Shroud of Golubria    Chrm/Tloc      ##........   10%         2    ##.....
b - Blink                 Tloc           N/A          6%          2    ##.....


Dungeon Overview and Level Annotations

Branches:
Dungeon (6/15)
 Temple: D:4-7

Altars:
Hepliaklqana
Nemelex Xobeh
Yredelemnul

Annotations:
D:4 Ashar's ghost, novice KoHu
D:5 Dowan; Duvessa
D:6 misterprincess's ghost, novice TrBe


Innate Abilities, Weirdness & Mutations

You are too large for most types of armour.
You have tough skin. (AC +1)


Message History

Casting: Shroud of Golubria
Confirm with . or Enter, or press ? or * to list all spells.
You blink.
The hound bites you.
* * * LOW HITPOINT WARNING * * *
Casting: Blink
Confirm with . or Enter, or press ? or * to list all spells.
You blink.
A gnoll sergeant comes into view. It is wielding a spear of distortion.
The gnoll sergeant shouts!
A hound skeleton comes into view.
Okay, then.
Casting: Blink
Confirm with . or Enter, or press ? or * to list all spells.
You blink.
A gnoll comes into view. It is wielding a halberd.
The gnoll shouts! 2 gnolls come into view.
The gnoll sergeant hits you but does no damage.
Space bends around you.
You die...

#g# .. # #.# #.
#.#g##. #.#)#.#
####.#g#.#
#.ยง......###.#
#.....Z.g.....
#.##(#@###
#h##.#.###
#5.g.$....
#..####.# #..#
.# #..# .. #..#
.# #..####.##
#.........


You could see a gnoll sergeant, 3 gnolls and a hound skeleton.

Vanquished Creatures
  A centaur (D:5)
  2 howler monkeys
  2 crimson imps
  2 hounds (D:4)
  A bullfrog skeleton (D:4)
  An orc priest (D:4)
  A jelly (D:5)
  2 orc wizards
  2 worker ants
  A hound skeleton (D:4)
  Robin (D:1)
  6 adders
  3 oozes
  3 worms
  3 dart slugs
  6 leopard geckos
  11 orcs
  9 giant cockroaches
  6 hobgoblins
  10 jackals
  7 kobolds
  5 quokkas
  2 ball pythons
  8 bats
  10 frilled lizards
  22 goblins
  15 rats
142 creatures vanquished.

Notes
Turn   | Place    | Note
-------+----------+-------------------------------------------
     0 | D:1      | daftwullie the Ogre Warper began the quest for the Orb.
     0 | D:1      | Reached XP level 1. HP: 22/22 MP: 3/3
    12 | D:1      | Reached skill level 2 in Maces & Flails
    35 | D:1      | Reached XP level 2. HP: 27/29 MP: 5/5
   563 | D:1      | Reached XP level 3. HP: 18/36 MP: 7/7
   808 | D:1      | Learned a level 2 spell: Shroud of Golubria
   811 | D:1      | Learned a level 2 spell: Blink
   983 | D:2      | Noticed Robin
  1127 | D:1      | Killed Robin
  1564 | D:1      | Reached XP level 4. HP: 11/45 MP: 3/8
  1923 | D:2      | Found a faded altar of an unknown god.
  1989 | D:2      | Reached skill level 3 in Maces & Flails
  3109 | D:3      | Reached XP level 5. HP: 50/53 MP: 9/9
  4087 | D:4      | Noticed Ashar's ghost (novice KoHu)
  4699 | D:4      | Found a sparkling altar of Nemelex Xobeh.
  4757 | D:4      | Reached XP level 6. HP: 55/61 MP: 11/11
  4874 | D:4      | Reached skill level 4 in Maces & Flails
  5521 | D:5      | Entered Level 5 of the Dungeon
  5817 | D:5      | Noticed a hippogriff
  6026 | D:4      | HP: 3/61 [bullfrog skeleton (3)]
  6054 | D:4      | HP: 3/61 [bullfrog skeleton (3)]
  6057 | D:4      | HP: 1/61 [bullfrog skeleton (3)]
  6104 | D:4      | HP: 3/61 [bullfrog skeleton (3)]
  6107 | D:4      | HP: 1/61 [bullfrog skeleton (3)]
  6417 | D:5      | Noticed Duvessa
  6417 | D:5      | Noticed Dowan
  7343 | D:4      | Reached XP level 7. HP: 26/68 MP: 3/13
  8212 | D:5      | Found a hazy altar of Hepliaklqana.
  8212 | D:5      | Found a basalt altar of Yredelemnul.
  8213 | D:5      | Found a sparkling altar of Nemelex Xobeh.
  9170 | D:4      | Reached skill level 5 in Maces & Flails
  9291 | D:6      | Noticed misterprincess's ghost (novice TrBe)
  9434 | D:6      | Reached skill level 1 in Charms
  9574 | D:6      | Slain by a gnoll sergeant

Skill      XL: |  1  2  3  4  5  6  7 |
---------------+----------------------+-----
Maces & Flails | 2 3 4 5 |  5.0
Fighting       | 3 4 |  4.2
Spellcasting   | 3 4 |  4.6
Throwing       | 2 3 |  3.7
Translocations | 3 |  3.2
Charms         | 1 |  1.0
Dodging        | |  2.1

Action                   |  1- 3 |  4- 6 |  7- 9 || total
-------------------------+-------+-------+-------++-------
Melee: Mace              |   132 |   438 |   111 ||   681
Throw: Stone             |    24 |   142 |    21 ||   187
       Tomahawk          |       |     5 |     8 ||    13
       Javelin           |       |       |     7 ||     7
 Cast: Shroud of Golubri |     6 |    22 |    17 ||    45
       Blink             |     5 |    17 |     5 ||    27
  Use: Scroll            |       |     6 |     1 ||     7
  Eat: Chunk             |     3 |    17 |     8 ||    28
       Fruit             |       |     4 |     1 ||     5
Armor: Robe              |    48 |   138 |    28 ||   214
Dodge: Dodged            |    97 |   300 |    78 ||   475
